 Dungeon Crawl Stone Soup version 0.16.0-17-g811c1d7 (console) character file.

167 Monkaria the Skirmisher (level 5, -1/48 HPs)
             Began as a Minotaur Fire Elementalist on Mar 21, 2015.
             Was an Initiate of Fedhas.
             Slain by an iguana (7 damage)
             ... on level 4 of the Dungeon.
             The game lasted 00:06:30 (2119 turns).

Monkaria the Skirmisher (MiFE)                      Turns: 2119, Time: 00:06:30

Health: -1/48      AC:  3    Str: 13    XL:     5   Next: 23%
Magic:  4/4        EV: 12    Int: 12    God:    Fedhas [......]
Gold:   175        SH:  0    Dex: 11    Spells: 1 memorised, 5 levels left

rFire  . . .     SeeInvis .       - Unarmed
rCold  . . .     Clarity  .     a - +1 robe
rNeg   . . .     SustAb   .     (no shield)
rPois  +         Gourm    .     (helmet restricted)
rElec  .         Spirit   .     (no cloak)
rCorr  .         Warding  .     (no gloves)
rMut   .         Stasis   .     (no boots)
MR     .....                    (no amulet)
Stlth  ++........               (no ring)
                                (no ring)

@: not resistant to hostile enchantments, unstealthy
A: retaliatory headbutt, horns 2, poison resistance
a: Renounce Religion


You were on level 4 of the Dungeon.
You worshipped Fedhas.
Fedhas was noncommittal.
You were not hungry.

You visited 2 branches of the dungeon, and saw 5 of its levels.

You collected 175 gold pieces.

Inventory:

Hand weapons
 i - a +1 dagger
Armour
 a - a +1 robe (worn)
Scrolls
 d - a scroll of enchant armour
 f - 3 scrolls of remove curse
 g - 2 scrolls of fear
 k - a scroll of recharging {unknown}
 n - a scroll of blinking {unknown}
Potions
 e - a potion of heal wounds
 m - a potion of cancellation
Books
 b - a book of Flames

   Spells                             Type                      Level
   a - Flame Tongue                   Conjuration/Fire             1
   b - Throw Flame                    Conjuration/Fire             2
   c - Conjure Flame                  Conjuration/Fire             3
   d - Inner Flame                    Hexes/Fire                   3
   e - Sticky Flame                   Conjuration/Fire             4
   f - Fireball                       Conjuration/Fire             5
Comestibles
 c - 3 bread rations
 h - a beef jerky
 j - a poisonous chunk of flesh
 l - a chunk of flesh


   Skills:
 - Level 5.0 Fighting
 - Level 2.1 Dodging
 - Level 1.5 Stealth
 + Level 2.6 Unarmed Combat
 - Level 1.3 Spellcasting
 - Level 0.6 Conjurations
 - Level 2.1 Fire Magic


You had 5 spell levels left.
You knew the following spells:

 Your Spells              Type           Power        Failure   Level  Hunger
a - Flame Tongue          Conj/Fire      #....        17%         1    ##.....


Dungeon Overview and Level Annotations

Branches:
Dungeon (4/15)             Temple (1/1) D:4

Altars:
Dithmenos
Fedhas
Kikubaaqudgha
Qazlal
The Shining One

Portals:
Sewer: D:3


Innate Abilities, Weirdness & Mutations

You reflexively headbutt those who attack you in melee.
You have a pair of horns on your head.
Your system is resistant to poisons.


Message History

There is a staircase to the Ecumenical Temple here.
n - a scroll labeled RUCUFOM WIGOMU
Found a leather armour.
An iguana comes into view.
Found a scroll of enchant armour.
The iguana hisses angrily.
The iguana closely misses you. You furiously retaliate!
You headbutt the iguana. You hit the iguana. Your headbutt misses the iguana.
The iguana is heavily wounded.
The iguana bites you!
You barely miss the iguana.
The iguana is heavily wounded.
The iguana bites you!
* * * LOW HITPOINT WARNING * * *
You closely miss the iguana. You headbutt the iguana.
The iguana is almost dead.
The iguana bites you!
You die...
Fedhas appreciates your contribution to the ecosystem.

..... ... ......[.....##
....?.......... ............... #
#............. #.. #....##......
....##....##....## ..
#...........+.....# .#
#......l@...##.##.##.##
#...........#.........#.#
....##.................# ...
##....##..⌠...⌠..#.# .
........#.........#.# ..#..
..............>......# #...#...#
.......##.........#.#
#...#...##+####....##..⌠...⌠..#.
#...#...##...##...............).#


You could see an iguana.

Vanquished Creatures
  Sigmund (D:4)
  A gnoll (D:1)
  An adder (D:2)
  A river rat (D:3)
  2 worms
  A giant mite (D:4)
  5 giant geckos
  2 ball pythons (D:1)
  2 giant cockroaches
  4 hobgoblins
  A jackal (D:2)
  A quokka (D:3)
  4 bats
  4 giant newts (D:1)
  4 goblins
  3 kobolds
  9 rats
46 creatures vanquished.

Notes
Turn   | Place    | Note
--------------------------------------------------------------
     0 | D:1      | Monkaria, the Minotaur Fire Elementalist, began the quest for the Orb.
     0 | D:1      | Reached XP level 1. HP: 14/14 MP: 2/2
    61 | D:1      | Reached skill level 1 in Unarmed Combat
   369 | D:1      | Reached XP level 2. HP: 20/20 MP: 2/2
   696 | D:1      | Reached skill level 1 in Fighting
   712 | D:1      | Reached XP level 3. HP: 19/29 MP: 3/3
  1681 | D:3      | Reached skill level 3 in Fighting
  1729 | D:3      | Found a glowing drain.
  1740 | D:3      | HP: 1/31 [river rat (3)]
  1792 | D:3      | Found an ancient bone altar of Kikubaaqudgha.
  1819 | D:3      | Reached XP level 4. HP: 33/38 MP: 4/4
  1969 | D:3      | You fall through a shaft!
  1969 | D:4      | Noticed Sigmund
  1971 | D:4      | Gained mutation: Your system is resistant to poisons. [potion of beneficial mutation]
  1983 | D:4      | Killed Sigmund
  1983 | D:4      | Reached skill level 5 in Fighting
  1983 | D:4      | Reached XP level 5. HP: 45/48 MP: 4/4
  2066 | D:4      | Found a staircase to the Ecumenical Temple.
  2094 | Temple   | Entered the Ecumenical Temple
  2098 | Temple   | Became a worshipper of Fedhas Madash
  2119 | D:4      | Slain by an iguana

Action                   |  1- 3 |  4- 6 || total
-------------------------+-------+-------++-------
Melee: Unarmed           |   118 |    29 ||   147
 Cast: Flame Tongue      |     2 |       ||     2
  Use: Scroll            |     9 |     2 ||    11
       Potion            |     1 |     3 ||     4
 Stab: Sleeping          |     2 |       ||     2
  Eat: Chunk             |     3 |     1 ||     4
